 Dungeon Crawl Stone Soup version 0.22-a0-32-ga749362bc3 (webtiles) character file.

0 Manul the Ducker (level 1, -5/11 HPs)
             Began as a Spriggan Abyssal Knight on Jan 3, 2018.
             Was a Follower of Lugonu.
             Slain by an ancient zyme (6 damage)
             ... on level 1 of the Abyss.
             The game lasted 00:00:21 (128 turns).

Manul the Ducker (Spriggan Abyssal Knight)           Turns: 128, Time: 00:00:22

Health: -5/11      AC:  2    Str:  8    XL:     1   Next: 0%
Magic:  3/3        EV: 18    Int: 13    God:    Lugonu [*.....]
Gold:   0          SH:  0    Dex: 15    Spells: 0/0 levels left

rFire    . . .     SeeInvis +   a - +1 short sword
rCold    . . .     Gourm    .   (shield restricted)
rNeg     . . .     Faith    .   b - +0 robe
rPois    .         Spirit   .   (helmet restricted)
rElec    .         Reflect  .   (no cloak)
rCorr    .         Harm     .   (gloves unavailable)
MR       .....                  (boots unavailable)
Stlth    +.........             (no amulet)
HPRegen  0.03/turn              (no ring)
MPRegen  0.08/turn              (no ring)

@: very quick
A: very small, unfitting armour, see invisible, herbivore, speed 3, slow
metabolism 2
a: Depart the Abyss, Renounce Religion


You were on level 1 of the Abyss.
You worshipped Lugonu.
Lugonu was aware of your devotion.
You were not hungry.

You visited 0 branches of the dungeon, and saw 0 of its levels.
You visited the Abyss 1 time.

Inventory:

Hand Weapons
 a - a +1 short sword (weapon)
Armour
 b - a +0 robe (worn)
Comestibles
 c - 2 rations


   Skills:
 + Level 2.4 Fighting
 + Level 2.1 Short Blades
 + Level 3.5 Dodging
 + Level 1.7 Invocations


You couldn't memorise any spells.
You didn't know any spells.

Dungeon Overview and Level Annotations

Branches:
Dungeon (0/15)

Altars:


Innate Abilities, Weirdness & Mutations

You are very small and have problems with some larger weapons.
You are too small for most types of armour.
You have supernaturally acute eyesight. (SInv)
You are a herbivore.
You cover ground extremely quickly.
You need consume almost no food.


Message History

You barely miss the ufetubus. The ufetubus barely misses you.
The ufetubus completely misses you.
You closely miss the ufetubus. The ufetubus misses you. The ufetubus hits you.
The ufetubus closely misses you. The ufetubus barely misses you.
You barely miss the ufetubus. The ufetubus completely misses you.
The ufetubus barely misses you.
You closely miss the ufetubus. The ufetubus completely misses you.
The ufetubus misses you. The ufetubus closely misses you. x2
An ancient zyme comes into view.
You feel yourself growing ill in the presence of the ancient zyme.
The ufetubus completely misses you. The ufetubus closely misses you.
You aren't carrying any potions.
You hit the ufetubus.
The ufetubus is moderately wounded.
The ufetubus hits you but does no damage.
The ufetubus hits you.
* * * LOW HITPOINT WARNING * * *
The ancient zyme hits you.
Ouch! That really hurt!
You die...

.# #. . .. .
###.# ## ##
##..##.#.##.#
... #.. #..##
#.###.# .#.
#x#.#.#...#.
#@##....## ..
#.5.#.#...##
###.#.. #..#
##...# #.###
#..#......
#.#.##. ..#
####..#.#..
#.##.#..
#.#..#


You could see an ancient zyme and an ufetubus.

Vanquished Creatures (others)
  2 starspawn tentacles (Abyss:1)
2 creatures vanquished.

Notes
Turn   | Place    | Note
-------+----------+-------------------------------------------
     0 | Abyss:1  | Manul the Spriggan Abyssal Knight began the quest for the Orb.
     0 | Abyss:1  | Reached XP level 1. HP: 11/11 MP: 3/3
    66 | Abyss:1  | Noticed a tentacled starspawn
    77 | Abyss:1  | Noticed a raiju
    87 | Abyss:1  | Noticed a quasit
   115 | Abyss:1  | Noticed a small abomination
   124 | Abyss:1  | Noticed an ancient zyme
   128 | Abyss:1  | Slain by an ancient zyme

Vault maps used:

Action                   || total
-------------------------++-------
Melee: Short sword       ||     7
Armor: Robe              ||     1
Dodge: Dodged            ||    18

Table legend:
 A = Spawn XP
 B = Non-spawn XP
 C = Spawn XP percentage of total XP
 D = Spawn monster count
 E = Non-spawn monster count
 F = Spawn count percentage of total count
 G = Total turns spent on level
                    A         B        C        D         E        F      G
               +---------+---------+-------+---------+---------+-------+---------
         Total |       0 |       0 |   N/A |       0 |       0 |   N/A |   128
               +---------+---------+-------+---------+---------+-------+---------
               +---------+---------+-------+---------+---------+-------+---------
